 Dungeon Crawl Stone Soup version 0.22-a0-274-gf8199ec (webtiles) character file.

100 puppykicker the Skirmisher (level 4, 0/36 HPs)
             Began as a Minotaur Wizard on Mar 14, 2018.
             Slain by an orc
             ... wielding a +0 dagger
              (2 damage)
             ... on level 3 of the Dungeon.
             The game lasted 00:06:38 (2591 turns).

puppykicker the Skirmisher (Minotaur Wizard)        Turns: 2591, Time: 00:06:39

Health: 0/36       AC:  7    Str: 13    XL:     4   Next: 46%
Magic:  6/6        EV: 16    Int: 16    God:
Gold:   141        SH:  0    Dex: 14    Spells: 0/8 levels left

rFire    . . .     SeeInvis .   a - +0 morningstar
rCold    . . .     Gourm    .   (no shield)
rNeg     . . .     Faith    .   p - +0 ring mail (curse)
rPois    .         Spirit   .   b - +0 hat
rElec    .         Reflect  .   (no cloak)
rCorr    .         Harm     .   (no gloves)
MR       .....     Clarity  +   (no boots)
Stlth    ++........             (no amulet)
HPRegen  0.12/turn              (no ring)
MPRegen  0.10/turn              (no ring)

@: agile, very slightly contaminated
A: retaliatory headbutt, horns 2, molten scales 1, clarity, frail 1, strong 1
a: no special abilities


You were on level 3 of the Dungeon.
You were not hungry.

You visited 1 branch of the dungeon, and saw 3 of its levels.

You collected 141 gold pieces.


Innate Abilities, Weirdness & Mutations

You reflexively headbutt those who attack you in melee.
You have a pair of horns on your head.
You are partially covered in molten scales. (AC +2)
You possess an exceptional clarity of mind.
You are frail. (-10% HP)
Your muscles are strong. (Str +2)


   Skills:
 * Level 4.1 Fighting
 + Level 1.3 Armour
 - Level 2.1 Dodging
 - Level 1.5 Stealth
 - Level 2.5 Spellcasting
 - Level 0.6 Conjurations
 - Level 0.6 Summonings
 - Level 0.6 Translocations


You couldn't memorise any spells.
You knew the following spells:

 Your Spells              Type           Power        Failure   Level  Hunger
a - Magic Dart            Conj           #...         32%         1    #......
b - Call Imp              Summ           #.......     43%         2    ##.....
c - Mephitic Cloud        Conj/Pois/Air  #.......     75%         3    ###....
p - Blink                 Tloc           N/A          43%         2    ##.....

Inventory:

Hand Weapons
 a - a +0 morningstar (weapon)
Missiles
 g - 15 sling bullets
 l - 22 bolts
Armour
 b - a +0 hat (worn)
 f - a +0 robe
 p - a cursed +0 ring mail (worn)
Jewellery
 s - an uncursed ring of fire
Scrolls
 c - a scroll of amnesia {unknown}
 e - a scroll of immolation {unknown}
 h - a scroll of fog {unknown}
 i - a scroll of magic mapping
 n - a scroll of identify {unknown}
 q - a scroll of fear {unknown}
 r - a scroll of enchant armour {unknown}
 u - a scroll of blinking {unknown}
Potions
 m - a potion of agility
Comestibles
 d - 4 rations

Dungeon Overview and Level Annotations

Branches:
Dungeon (3/15)

Altars:
Ru

######+##
#o......#..
#..<.......
#oo....?...
#@o.ยง......
######.....
.#+#+ #


You could see an orc wizard and 3 orcs.


Message History

You furiously retaliate!
You headbutt the leopard gecko.
Unknown command.
Okay, then.
Unknown command.
You aren't carrying any items that you can evoke.
Unknown command.
It was a potion of magic.
Magic courses through your body. The orc closely misses you.
You furiously retaliate!
You headbutt the orc. The leopard gecko bites you.
* * * LOW HITPOINT WARNING * * *
The orc completely misses you.
You feel agile all of a sudden.
The orc wizard gestures wildly while chanting.
The orc wizard seems to speed up.
The leopard gecko bites you but does no damage.
Unknown command.
You closely miss the orc.
The orc is heavily wounded.
The leopard gecko barely misses you. You furiously retaliate!
You headbutt the leopard gecko.
You kill the leopard gecko!
The orc hits you but does no damage. The orc closely misses you. x2
Unknown command.
You closely miss the orc.
The orc is heavily wounded.
The orc hits you but does no damage.
The orc wizard gestures wildly while chanting.
The orc wizard blinks!
The orc barely misses you. x2
The orc hits you with a dagger.
You die...

Action                   |  1- 3 |  4- 6 || total
-------------------------+-------+-------++-------
Melee: Mace              |    78 |    19 ||    97
       Unarmed           |    10 |       ||    10
       Headbutt          |     4 |       ||     4
       Morningstar       |       |    11 ||    11
 Cast: Magic Dart        |    30 |    18 ||    48
  Use: Scroll            |     1 |       ||     1
       Potion            |       |     7 ||     7
 Stab: Sleeping          |     1 |       ||     1
  Eat: Chunk             |     4 |     2 ||     6
Armor: Robe              |    13 |       ||    13
       Ring mail         |    27 |    23 ||    50
Dodge: Dodged            |    75 |    34 ||   109

Vault maps used:
D:1:      dpeg_arrival_refuge, st_stairs_4
D:2:      first_ration, nicolae_ru_path_of_blood
D:3:      chequers_ecumenical_altar_simple_redux, minivault_14, minivault_11,
          dk_noncrumbling_2, uniq_jessica

Notes
Turn   | Place    | Note
-------+----------+-------------------------------------------
     0 | D:1      | puppykicker the Minotaur Wizard began the quest for the Orb.
     0 | D:1      | Reached XP level 1. HP: 14/14 MP: 2/2
   169 | D:1      | Reached skill level 1 in Fighting
   333 | D:1      | Reached skill level 2 in Fighting
   417 | D:1      | Reached XP level 2. HP: 24/24 MP: 4/4
   426 | D:1      | Learned a level 2 spell: Blink
   429 | D:1      | Learned a level 2 spell: Call Imp
   744 | D:1      | Reached skill level 3 in Fighting
   744 | D:1      | Reached XP level 3. HP: 31/31 MP: 5/5
  1812 | D:2      | Reached XP level 4. HP: 40/40 MP: 6/6
  1841 | D:2      | HP: 4/40 [adder (1)]
  1843 | D:2      | Reached skill level 1 in Armour
  2193 | D:2      | Found a sacrificial altar of Ru.
  2244 | D:2      | Reached skill level 4 in Fighting
  2466 | D:2      | Learned a level 3 spell: Mephitic Cloud
  2561 | D:2      | HP: 4/40 [orc priest (2)]
  2565 | D:2      | Gained mutation: Your muscles are strong. (Str +2) [potion of mutation]
  2565 | D:2      | Gained mutation: You possess an exceptional clarity of mind. [potion of mutation]
  2565 | D:2      | Gained mutation: You are frail. (-10% HP) [potion of mutation]
  2565 | D:2      | Gained mutation: You are partially covered in molten scales. (AC +2) [potion of mutation]
  2584 | D:3      | HP: 3/36 [leopard gecko (3)]
  2591 | D:3      | Slain by an orc

Vanquished Creatures
  3 adders (D:2)
  An ooze (D:1)
  3 worms (D:2)
  A dart slug (D:1)
  2 leopard geckos
  3 orcs (D:2)
  9 bats
  2 giant cockroaches
  7 goblins
  4 hobgoblins
  8 kobolds
  3 frilled lizards (D:2)
  8 rats
54 creatures vanquished.
